Map: [ESL] Hard Lead

Players

Creator

  • Race: Protoss Protoss
  • Spawn Location: 11:00

GuMiho - Winner!

  • Race: Terran Terran
  • Spawn Location: 5:00

Event: ESL SC2 Masters 2023 Winter (Finals)

VOD

Have the link to the VOD?

Description

Time

  • Played on: Dec. 16, 2023, 11:25 a.m.
  • Length: 9:53

All games in this series

Show
View Real Time Build Order
Export as new Build Order

Creator Protoss 

Build Orders: 1 Gate Expand, Oracle Opening, Phoenix Opening 

Get SALT Encoding   

  12  0:00  Probe  
  13  0:12  Probe  
  14  0:17  Pylon  
  14  0:24  Probe (Chrono Boost)  
  15  0:36  Gateway  
  15  0:37  Probe (Chrono Boost)  
  16  0:43  Probe (Chrono Boost)  
  16  0:46  Assimilator  
  17  0:51  Probe  
  18  1:03  Probe  
  19  1:15  Probe  
  20  1:23  Cybernetics Core  
  20  1:32  Nexus  
  20  1:39  Pylon  
  20  1:41  Probe  
  21  1:49  Assimilator  
  21  1:54  Probe  
  22  1:56  Adept (Chrono Boost)  
  24  2:06  Probe  
  25  2:16  Adept (Chrono Boost)  
  25  2:18  Probe  
  27  2:27  Stargate  
  27  2:30  Probe  
  27  2:36  Warp Gate  
  28  2:40  Adept  
  31  2:44  Probe (Chrono Boost)  
  31  2:47  Probe (Chrono Boost)  
  32  2:53  Probe (Chrono Boost)  
  32  2:56  Probe (Chrono Boost)  
  34  2:58  Probe (Chrono Boost)  
  35  3:06  Probe  
  35  3:07  Oracle (Chrono Boost)  
  35  3:10  Probe  
  40  3:13  Pylon  
  40  3:18  Probe  
  41  3:22  Probe  
  40  3:30  Gateway, Probe  
  41  3:35  Probe  
  41  3:37  Phoenix  
  44  3:42  Probe  
  44  3:47  Probe  
  46  3:53  Pylon  
  46  3:55  Probe  
  47  3:59  Probe  
  47  4:02  Phoenix  
  50  4:04  Nexus  
  50  4:09  Probe  
  51  4:12  Probe  
  52  4:19  Assimilator  
  52  4:21  Assimilator  
  52  4:27  Phoenix  
  52  4:28  Probe  
  52  4:29  Probe  
  56  4:34  Stalker  
  53  4:40  Probe  
  53  4:41  Probe  
  53  4:45  Twilight Council  
  55  4:51  Adept  
  55  4:52  Probe  
  58  4:59  Probe (Chrono Boost)  
  58  5:03  Phoenix  
  58  5:05  Pylon  
  61  5:08  Pylon, Probe (Chrono Boost)  
  61  5:11  Probe (Chrono Boost)  
  62  5:17  Stalker  
  62  5:18  Probe (Chrono Boost), Stalker  
  62  5:19  Probe (Chrono Boost)  
  68  5:23  Probe (Chrono Boost)  
  68  5:28  Phoenix  
  71  5:34  Probe x2  
  61  5:40  Shield Battery  
  58  5:44  Adept  
  58  5:46  Stalker, Charge (Chrono Boost)  
  61  5:53  Phoenix (Chrono Boost)  
  61  6:05  Zealot  
  61  6:10  Phoenix (Chrono Boost)  
  63  6:14  Probe x2  
  63  6:15  Gateway  
  63  6:17  Zealot  
  69  6:19  Shield Battery  
  69  6:28  Pylon  
  69  6:31  Gateway  
  69  6:45  Phoenix (Chrono Boost)  
  69  6:46  Zealot x2  
  75  6:51  Gateway  
  75  6:55  Shield Battery  
  75  7:03  Pylon  
  70  7:16  Pylon  
  70  7:17  Pylon  
  70  7:19  Pylon  
  70  7:21  Phoenix (Chrono Boost)  
  70  7:22  Zealot x2  
  76  7:23  Probe x2  
  78  7:32  Stargate  
  78  7:34  Pylon  
  78  7:37  Zealot  
  78  7:40  Phoenix (Chrono Boost)  
  78  7:41  Pylon  
  82  7:45  Zealot x3  
  82  7:49  Pylon  
  82  8:01  Nexus  
  82  8:04  Probe x2  
  80  8:07  Phoenix  
  82  8:15  Phoenix  
  82  8:16  Sentry, Zealot  
  82  8:18  Probe (Chrono Boost)  
  89  8:20  Probe (Chrono Boost)  
  90  8:29  Probe (Chrono Boost)  
  90  8:30  Probe (Chrono Boost)  
  90  8:31  Templar Archives  
  92  8:34  Phoenix  
  92  8:35  Probe (Chrono Boost)  
  92  8:37  Probe  
  96  8:41  Assimilator  
  96  8:46  Shield Battery  
  96  8:49  Probe x2  
  96  8:53  Zealot  
  100  9:01  Probe, Phoenix (Chrono Boost)  
  100  9:02  Probe  
  104  9:07  Phoenix (Chrono Boost)  
  106  9:11  Zealot  
  106  9:14  Zealot  
  106  9:17  Zealot  
  100  9:28  Phoenix  
  100  9:29  Zealot  
  88  9:31  Zealot  
  88  9:34  Zealot  
  86  9:41  Zealot  
Show
View Real Time Build Order
Export as new Build Order

GuMiho Terran - Winner!

Build Orders: Reaper Expand 

Get SALT Encoding   

  12  0:00  SCV  
  13  0:12  SCV  
  14  0:16  Supply Depot  
  14  0:24  SCV  
  15  0:38  SCV  
  15  0:39  Barracks  
  16  0:42  Refinery  
  16  0:50  SCV  
  17  1:02  SCV  
  18  1:14  SCV  
  19  1:26  Orbital Command, Reaper  
  20  1:37  Command Center  
  20  1:48  Supply Depot  
  20  1:52  SCV  
  21  1:58  Marine  
  22  2:04  Factory  
  22  2:05  SCV  
  23  2:11  Refinery  
  23  2:17  SCV  
  23  2:20  Barracks Reactor  
  24  2:24  Barracks  
  24  2:29  SCV  
  25  2:41  SCV  
  26  2:49  Starport  
  26  2:51  Orbital Command  
  26  2:53  Widow Mine  
  26  2:54  SCV  
  26  2:57  Marine  
  30  3:01  Marine  
  31  3:06  SCV  
  32  3:12  Barracks Tech Lab  
  32  3:14  Orbital Command  
  32  3:15  Marine  
  32  3:16  Widow Mine  
  32  3:19  Marine  
  36  3:22  SCV  
  37  3:27  Medivac  
  37  3:31  Supply Depot  
  39  3:34  SCV  
  39  3:37  Stimpack  
  39  3:40  SCV  
  39  3:41  Marine x2  
  41  3:42  Marine  
  41  3:47  SCV  
  45  3:49  Factory Tech Lab  
  45  3:52  SCV  
  45  3:54  Supply Depot  
  46  3:59  Marine x2, SCV  
  46  4:01  Marine  
  50  4:04  SCV  
  50  4:09  Siege Tank  
  54  4:11  SCV  
  54  4:16  SCV  
  53  4:17  Marine  
  53  4:18  Marine  
  53  4:24  Marine, SCV  
  56  4:28  SCV  
  56  4:35  Marine x2  
  56  4:36  SCV  
  57  4:40  SCV  
  57  4:42  Marine  
  57  4:44  Supply Depot  
  59  4:46  Siege Tank  
  59  4:51  Medivac  
  62  4:57  SCV, Marine  
  62  5:02  Supply Depot x2  
  62  5:04  Marine  
  62  5:06  SCV, Marine  
  64  5:09  SCV  
  65  5:15  Marine  
  65  5:16  Combat Shield  
  65  5:18  SCV  
  67  5:22  Marine  
  67  5:23  Marine  
  62  5:37  Marine  
  62  5:38  Siege Tank  
  62  5:39  Command Center  
  62  5:40  Marine, SCV x2  
  62  5:42  Supply Depot, Refinery  
  69  5:43  Marine  
  69  5:55  Marine  
  70  5:58  Marine  
  70  6:01  Marine  
  71  6:05  SCV x2  
  71  6:08  Barracks x2  
  71  6:09  Barracks  
  72  6:12  Marine  
  72  6:16  Marine  
  72  6:17  SCV x2, Engineering Bay  
  76  6:18  Marine, Engineering Bay  
  76  6:25  Starport Reactor  
  77  6:26  Factory Reactor  
  77  6:29  SCV x2  
  77  6:30  Marine  
  80  6:33  Marine  
  80  6:36  Marine  
  79  6:41  SCV x2  
  80  6:48  Marine  
  80  6:51  Marine  
  80  6:53  SCV x2  
  83  6:54  Marine  
  83  6:58  Orbital Command  
  83  7:00  Barracks Tech Lab x2  
  83  7:01  Barracks Reactor  
  83  7:05  SCV  
  83  7:06  Marine, SCV  
  83  7:07  Terran Infantry Weapons Level 1  
  86  7:09  Marine  
  86  7:10  Terran Infantry Armor Level 1  
  86  7:12  Marine  
  86  7:13  Widow Mine  
  86  7:14  Widow Mine  
  88  7:18  SCV x2  
  90  7:23  Supply Depot  
  90  7:24  Marauder, Marine  
  90  7:25  Marauder  
  95  7:30  Marauder, Concussive Shells, SCV  
  95  7:31  SCV x2  
  100  7:38  Supply Depot  
  100  7:41  Marine x2  
  100  7:42  SCV  
  100  7:43  Marine x2  
  105  7:46  Marauder  
  105  7:47  Marauder  
  108  7:52  Marauder  
  103  7:59  Marine x2  
  103  8:01  Marine  
  103  8:02  Widow Mine x2  
  103  8:03  SCV x2  
  103  8:04  SCV  
  98  8:07  Missile Turret, Marauder  
  98  8:08  Marine, Marauder  
  103  8:13  Marauder, Supply Depot  
  103  8:14  Missile Turret  
  103  8:15  SCV, Supply Depot  
  103  8:16  Armory, SCV x2  
  103  8:17  Marine  
  103  8:18  Medivac x2  
  103  8:19  Marine  
  114  8:22  Marine  
  114  8:25  Widow Mine  
  114  8:26  Marine, Widow Mine  
  117  8:28  Marine  
  117  8:29  SCV, Marine  
  117  8:30  SCV  
  115  8:34  Marine  
  115  8:41  SCV x2  
  114  8:43  SCV  
  114  8:46  Widow Mine  
  114  8:47  Widow Mine  
  120  8:48  Supply Depot  
  120  8:49  Refinery  
  120  8:50  Supply Depot, Medivac  
  120  8:51  Medivac  
  120  8:53  Supply Depot, SCV  
  125  9:01  Refinery  
  125  9:06  Marine x5  
  125  9:07  Marine x2  
  132  9:14  Command Center  
  122  9:26  Marauder x2  
  122  9:27  Marauder  
  122  9:28  Marine  
  122  9:29  Widow Mine  
Tags
 
Add a new tag
Caveats
  • Supply blocks, unpowered buildings, or Contaminate may cause inaccurate times.
  • Supply counts are checked every 10 seconds.